 Dungeon Crawl Stone Soup version 0.25.1-2-g60ff931df9 (webtiles) character file.

Game seed: 7285931173422473582

8013 graki42 the Thaumaturge (level 11, -3/57 HPs)
             Began as a Deep Elf Fire Elementalist on Aug 3, 2020.
             Was a Priest of Vehumet.
             Slain by a bullfrog (5 damage)
             ... on level 9 of the Dungeon.
             The game lasted 01:05:32 (12544 turns).

graki42 the Thaumaturge (DEFE)                     Turns: 12544, Time: 01:05:33

Health: -3/57      AC:  6    Str:  8    XL:     11   Next: 4%
Magic:  4/28       EV: 15    Int: 27    God:    Vehumet [***...]
Gold:   500        SH:  0    Dex: 15    Spells: 16/33 levels left

rFire    + . .     SeeInvis .   I - +7 spear "Testudine's Demise" {vorpal, rF+}
rCold    . . .     Gourm    .   (no shield)
rNeg     . . .     Faith    .   a - +0 robe
rPois    .         Spirit   .   e - +2 helmet
rElec    .         Reflect  .   g - scarf {repulsion}
rCorr    .         Harm     .   A - +0 pair of gloves
MR       ++...                  (no boots)
Stlth    +++.......             (no amulet)
HPRegen  0.19/turn              E - +6 ring of intelligence
MPRegen  0.21/turn              r - ring of protection from magic

@: repel missiles
A: no striking features
a: Renounce Religion


You were on level 9 of the Dungeon.
You worshipped Vehumet.
Vehumet was most pleased with you.
You were not hungry.

You visited 1 branch of the dungeon, and saw 9 of its levels.
You also visited: Sewer.

You collected 500 gold pieces.

Inventory:

Hand Weapons
 m - a +2 dagger of venom
 I - the +7 spear "Testudine's Demise" (weapon) {vorpal, rF+}
   (You found it on level 8 of the Dungeon)

   It inflicts extra damage upon your enemies.
   It protects you from fire.
Missiles
 t - 7 atropa-tipped darts
 w - 154 stones
 x - 7 curare-tipped darts
 y - 3 throwing nets (quivered)
Armour
 a - a +0 robe (worn)
 e - a +2 helmet (worn)
 g - a scarf of repulsion (worn)
 A - a +0 pair of gloves (worn)
Jewellery
 p - an uncursed ring of flight
 r - a ring of protection from magic (right hand)
 E - a +6 ring of intelligence (left hand)
Wands
 D - a wand of acid (6)
Scrolls
 f - 6 scrolls of remove curse
 i - a scroll of teleportation
 n - a scroll of magic mapping
 o - a scroll of fog {unknown}
 u - a scroll of blinking {unknown}
 v - a scroll of fear
 B - a scroll of acquirement {unknown}
 G - a scroll of random uselessness {unknown}
Potions
 b - 7 potions of might
 d - a potion of flight
 h - a potion of haste
 j - 4 potions of heal wounds
 k - 2 potions of curing
 s - 2 potions of brilliance {unknown}
Comestibles
 c - 19 rations
 l - a chunk of flesh


   Skills:
 + Level 1.7 Fighting
 + Level 1.7 Short Blades
 + Level 4.8 Dodging
 + Level 4.7 Stealth
 + Level 11.6 Spellcasting
 + Level 8.4 Conjurations
 + Level 5.2 Hexes
 + Level 9.5 Fire Magic
 * Level 6.8 Earth Magic
 + Level 0.1 Evocations


You had 16 spell levels left.
You knew the following spells:

 Your Spells              Type           Power        Failure   Level  Hunger
a - Foxfire               Conj/Fire      ####         1%          1    None
b - Conjure Flame         Conj/Fire      ######..     1%          3    None
c - Inner Flame           Hex/Fire       ######..     1%          3    None
d - Sticky Flame          Conj/Fire      ######..     1%          4    None
e - Fireball              Conj/Fire      ######....   1%          5    ###....
f - Sandblast             Erth           ######       1%          1    None

Your spell library contained the following spells:

 Spells                   Type           Power        Failure   Level  Hunger
 Dazzling Flash           Conj/Hex       ######       1%          3    None


Dungeon Overview and Level Annotations

Branches:
Dungeon (9/15)             Temple (0/1) D:5            Lair (0/6) D:8
  Sewer (visited)
    Orc: D:9-12

Altars:
Makhleb
Nemelex Xobeh
Qazlal
Ru
Vehumet
Yredelemnul

Annotations:
D:1 geeseburger's ghost, novice GrFi
D:5 exclusion: oklob sapling
D:9 Gastronok


Message History

The bullfrog struggles against the net.
Gastronok waves his eye-stalks in wide circles.
The air twists around and strikes you!!
Ouch! That really hurt!
* * * LOW HITPOINT WARNING * * *
You see here a leopard gecko corpse.
The bullfrog struggles against the net.
The net rips apart, and the bullfrog comes free!
You feel much better. The bullfrog closely misses you.
Gastronok waves his eye-stalks in wide circles.
The air twists around and strikes you!!
* * * LOW HITPOINT WARNING * * *
The bullfrog closely misses you. The bullfrog misses you.
The bullfrog hits you.
* * * LOW HITPOINT WARNING * * *
There is a stone staircase leading down here.
The bullfrog hits you.
You die...

...........###.#....######
...........# #.#....#
...........# #.#....#
####....######......#
####..........####
#..######..# #..#....#..#
#..†..#.#..#
....w(.#####.##@# ...)##.
#..F.####### ..l #.
###........# ≈ ##
#........# #.>......#
#........# +....≈...#
#........# #........#


You could see a bullfrog (inner flame).

Vanquished Creatures
  Erolcha (D:9)
  Harold (D:7)
  2 death yaks (D:8)
  A two-headed ogre (D:7)
  Joseph (D:9)
  2 yaks (D:8)
  Menkaure (D:6)
  A water moccasin (D:6)
  2 ice beasts (D:9)
  3 black bears
  3 orc warriors
  2 phantoms
  3 ogres
  3 centaurs
  4 big kobolds
  Blork the orc (D:9)
  A gnoll sergeant (D:9)
  2 bullfrogs
  3 scorpions
  6 killer bees (D:8)
  6 wights
  3 howler monkeys
  A crimson imp (D:8)
  A bullfrog zombie (D:7)
  6 hounds
  A gnoll shaman (D:4)
  4 orc priests
  6 orc wizards
  4 worker ants
  Natasha (thrice) (D:4)
  2 iguanas
  A hound skeleton (D:7)
  9 gnolls
  15 adders
  4 river rats
  A shadow imp (D:8)
  7 oozes
  5 worms
  An adder zombie (D:6)
  4 dart slugs
  7 leopard geckos
  35 orcs
  4 giant cockroaches
  8 goblins
  10 hobgoblins
  6 jackals
  2 quokkas
  6 ball pythons
  6 bats
  8 frilled lizards
  19 kobolds
  A quokka skeleton (D:5)
  19 rats
258 creatures vanquished.

Vanquished Creatures (others)
  758 foxfires
758 creatures vanquished.

Grand Total: 1016 creatures vanquished

Notes
Turn   | Place    | Note
-------+----------+-------------------------------------------
     0 | D:1      | graki42 the Deep Elf Fire Elementalist began the quest for
                  | the Orb.
     0 | D:1      | Reached XP level 1. HP: 10/10 MP: 6/6
   210 | D:1      | Reached XP level 2. HP: 15/15 MP: 5/8
   802 | D:1      | Reached XP level 3. HP: 19/19 MP: 6/9
   807 | D:1      | Learned a level 3 spell: Conjure Flame
   811 | D:1      | Learned a level 3 spell: Inner Flame
  1499 | D:2      | Reached XP level 4. HP: 24/24 MP: 8/11
  1503 | D:2      | Found a burning altar of Makhleb.
  1613 | D:2      | Found a basalt altar of Yredelemnul.
  1784 | D:2      | Reached skill level 4 in Spellcasting
  1971 | D:3      | Reached skill level 1 in Hexes
  2162 | D:3      | Reached XP level 5. HP: 28/28 MP: 7/13
  2299 | D:3      | Noticed geeseburger's ghost (novice GrFi)
  2354 | D:3      | Learned a level 4 spell: Sticky Flame
  2354 | D:3      | Found a runed translucent gate.
  2356 | D:3      | Found a runed translucent gate.
  2359 | D:3      | Found a runed translucent gate.
  2640 | D:3      | Reached XP level 6. HP: 32/32 MP: 11/15
  2644 | D:3      | Reached skill level 5 in Fire Magic
  3119 | D:4      | Found a sparkling altar of Nemelex Xobeh.
  3571 | D:4      | Noticed Natasha
  3577 | D:4      | Killed Natasha
  3577 | D:4      | Reached skill level 5 in Spellcasting
  3974 | D:4      | Noticed Natasha
  3979 | D:4      | Reached XP level 7. HP: 34/36 MP: 8/16
  3980 | D:4      | Killed Natasha
  4503 | D:4      | Noticed Natasha
  4513 | D:4      | Killed Natasha
  4567 | D:5      | Entered Level 5 of the Dungeon
  4616 | D:5      | Learned a level 5 spell: Fireball
  5352 | D:5      | Found a radiant altar of Vehumet.
  5365 | D:5      | Became a worshipper of Vehumet
  5520 | D:5      | Found a staircase to the Ecumenical Temple.
  5836 | D:6      | Found a glowing drain.
  5868 | Sewer    | Entered a sewer
  5961 | Sewer    | Reached skill level 1 in Short Blades
  5961 | Sewer    | Reached skill level 6 in Spellcasting
  6081 | Sewer    | Reached XP level 8. HP: 42/42 MP: 14/19
  6397 | Sewer    | Reached * piety under Vehumet
  6397 | Sewer    | Offered knowledge of Sandblast by Vehumet.
  6403 | Sewer    | Learned a level 1 spell: Sandblast
  7123 | D:6      | Reached skill level 5 in Conjurations
  7235 | D:6      | Noticed Menkaure
  7243 | D:6      | Killed Menkaure
  7243 | D:6      | Reached skill level 1 in Earth Magic
  7386 | D:6      | Reached skill level 7 in Spellcasting
  7421 | D:6      | Got a steaming whip
  7422 | D:6      | Identified the +6 whip "Fusothru" {elec, Stlth+} (You found
                  | it on level 6 of the Dungeon)
  7434 | D:6      | Found a sacrificial altar of Ru.
  8055 | D:6      | Reached skill level 8 in Spellcasting
  8444 | D:7      | Reached XP level 9. HP: 46/46 MP: 16/23
  8527 | D:7      | Noticed Harold
  8546 | D:8      | Noticed a two-headed ogre
  8547 | D:8      | Noticed a death yak
  8548 | D:8      | Noticed a death yak
  8563 | D:7      | Killed a two-headed ogre
  8825 | D:7      | Reached skill level 9 in Spellcasting
  9323 | D:7      | Reached ** piety under Vehumet
  9323 | D:7      | Offered knowledge of Magic Dart by Vehumet.
  9699 | D:7      | Killed Harold
  9699 | D:7      | Reached skill level 1 in Fighting
 10400 | D:8      | Reached skill level 10 in Spellcasting
 10400 | D:8      | Reached XP level 10. HP: 52/52 MP: 20/26
 10851 | D:8      | Noticed a death yak
 10949 | D:8      | Found a staircase to the Lair.
 11142 | D:8      | Reached skill level 5 in Earth Magic
 11407 | D:8      | Got a fine spear
 11408 | D:8      | Identified the +7 spear "Testudine's Demise" {vorpal, rF+}
                  | (You found it on level 8 of the Dungeon)
 11510 | D:8      | Offered knowledge of Dazzling Flash by Vehumet.
 11658 | D:8      | Noticed a death yak
 11680 | D:8      | Killed a death yak
 11680 | D:8      | Reached skill level 5 in Hexes
 11704 | D:8      | Noticed a death yak
 11719 | D:8      | Killed a death yak
 11872 | D:9      | Found a stormy altar of Qazlal.
 11874 | D:9      | Reached skill level 11 in Spellcasting
 11885 | D:9      | Noticed Joseph
 11891 | D:9      | Killed Joseph
 12155 | D:9      | Noticed Blork the orc
 12158 | D:9      | Killed Blork the orc
 12354 | D:9      | Reached *** piety under Vehumet
 12524 | D:9      | Noticed Gastronok
 12527 | D:9      | Noticed Erolcha
 12530 | D:9      | Killed Erolcha
 12530 | D:9      | Reached XP level 11. HP: 57/57 MP: 3/28
 12543 | D:9      | HP: 2/57 [bullfrog (3)]
 12544 | D:9      | Slain by a bullfrog

Illustrated notes

Levels and vault maps discovered:
D:1:      erik_arrival_cave_to_civilisation [erik_arrival_cave_to_hall],
          layout_rooms, kennysheep_crisscross, minmay_close_crescents
D:2:      layout_rooms, lemuel_round_altar, lemuel_coloured_pillars_altar,
          minmay_tetromino_t2
D:3:      layout_rooms, ebering_ghost_rock_garden, glass_columns_a,
          cheibrodos_gnoll_hut
D:4:      layout_loops_ring, nemelex_xobeh_ov_fountains_minmay, uniq_natasha
D:5:      layout_loops_ring, vehumet_altar_wand_db, minmay_temple_entry_oklob,
          first_ration, grunt_decor_one_mirror, minmay_misc_feat_enclosed
D:6:      layout_basic, lemuel_doored_altar, gup_sewer_entry_spiral,
          uniq_menkaure
D:7:      layout_basic, uniq_harold
D:8:      layout_loops_cross, dpeg_lair_monsters
D:9:      layout_basic, gammafunk_temple_overflow_claw, grunt_qazlal_clouds,
          sword_in_stone, uniq_erolcha, uniq_joseph, uniq_gastronok

Skill      XL: |  1  2  3  4  5  6  7  8  9 10 |
---------------+-------------------------------+-----
Fire Magic     | 4 5 6 7 8 9 |  9.5
Conjurations   | 2 3 4 5 7 8 |  8.4
Spellcasting   | 4 5 6 8 10 11 | 11.6
Hexes          | 1 2 4 5 |  5.2
Stealth        | 3 4 |  4.7
Dodging        | 3 4 |  4.8
Short Blades   | 1 |  1.7
Earth Magic    | 2 4 6 |  6.8
Fighting       | 1 |  1.7
Evocations     | |  0.1

Action                   |  1- 3 |  4- 6 |  7- 9 | 10-12 || total
-------------------------+-------+-------+-------+-------++-------
Melee: Unarmed           |     1 |       |       |       ||     1
       Dagger            |       |     2 |    74 |    17 ||    93
       Spear             |       |       |       |     1 ||     1
Throw: Throwing net      |       |       |       |     2 ||     2
 Cast: Foxfire           |    70 |   126 |   193 |    65 ||   454
       Conjure Flame     |       |     1 |    12 |     7 ||    20
       Inner Flame       |       |     1 |     7 |     8 ||    16
       Sticky Flame      |       |       |    10 |    11 ||    21
       Fireball          |       |       |     4 |    22 ||    26
Evoke: Wand              |       |     4 |       |       ||     4
  Use: Scroll            |     1 |     7 |     3 |     1 ||    12
       Potion            |       |     1 |       |     2 ||     3
 Stab: Sleeping          |       |     1 |       |       ||     1
  Eat: Chunk             |     2 |     6 |    23 |    10 ||    41
Armor: Robe              |     3 |    11 |    33 |    10 ||    57
Dodge: Dodged            |     9 |    41 |   100 |    43 ||   193
       Repelled          |     1 |     1 |     7 |     4 ||    13
